 Dungeon Crawl Stone Soup version 0.27-a0-1230-gfc7c993222 (webtiles) character file.

Game seed: 13549584815756139096

125 Feb132020 the Magician (level 4, -11/24 HPs)
             Began as a Deep Elf Earth Elementalist on June 8, 2021.
             Splashed by a goblin's acid (15 damage)
             ... on level 3 of the Dungeon.
             The game lasted 00:15:47 (4357 turns).

Feb132020 the Magician (DEEE)                       Turns: 4357, Time: 00:15:48

Health: -11/24     AC:  6    Str:  5    XL:     4   Next: 82%
Magic:  12/12      EV: 13    Int: 20    God:
Gold:   107        SH:  0    Dex: 16    Spells: 5/11 levels left

rFire    + . .     SeeInvis .   n - +3 dagger
rCold    . . .     Faith    .   (no shield)
rNeg     . . .     Spirit   .   c - +0 robe
rPois    .         Reflect  .   q - +0 helmet
rElec    .         Harm     .   (no cloak)
rCorr    .         Rampage  .   (no gloves)
Will     .....                  l - +2 pair of boots {Fly}
Stlth    ++........             g - amulet of magic regeneration
HPRegen  0.08/turn              k - ring of protection from fire
MPRegen  0.38/turn              (no ring)

@: flying
A: no striking features
a: no special abilities


You were on level 3 of the Dungeon.
You visited 1 branch of the dungeon, and saw 3 of its levels.

You collected 131 gold pieces.
You spent 24 gold pieces at shops.

Inventory:

Hand Weapons
 e - a +0 dagger
 h - a +0 short sword
 n - a +3 dagger (weapon)
Missiles
 b - 77 stones
Armour
 c - a +0 robe (worn)
 f - a +0 buckler
 l - a +2 pair of boots of flying (worn)
 q - a +0 helmet (worn)
Jewellery
 g - an amulet of magic regeneration (around neck)
 k - a ring of protection from fire (left hand)
Wands
 o - a wand of mindburst (14)
Scrolls
 i - a scroll of enchant armour
 j - a scroll of holy word {unknown}
 p - a scroll of noise {unknown}
Potions
 a - a potion of ambrosia {unknown}
 d - a potion of invisibility {unknown}
 m - a potion of curing {unknown}


   Skills:
 + Level 0.5 Fighting
 + Level 1.0 Short Blades
 + Level 3.2 Dodging
 + Level 3.5 Stealth
 + Level 4.2 Spellcasting
 * Level 1.2 Conjurations
 + Level 1.2 Transmutations
 + Level 4.0 Earth Magic


You had 5 spell levels left.
You knew the following spells:

 Your Spells              Type           Power      Damage    Failure   Level
a - Sandblast             Erth           40%        2d10      2%          1
b - Stone Arrow           Conj/Erth      28%        3d8       13%         3
p - Passwall              Tmut/Erth      11%        N/A       6%          2

Your spell library contained the following spells:

 Spells                   Type           Power      Damage    Failure   Level
 Petrify                  Tmut/Erth      14%        N/A       38%         4
 Lee's Rapid Deconstruct  Erth           10%        3d9*      56%         5


Dungeon Overview and Level Annotations

Branches:
Dungeon (3/15)

Altars:

Shops:
D:1 *   D:2 (

Annotations:
D:3 exclusion: orc priest


Message History

The goblin is severely wounded.
The goblin hits you but does no damage.
You hit the goblin.
You kill the goblin!
The bat hits you but does no damage. x2
Your Earth Magic skill increases to level 4!
You hit the bat.
You kill the bat!
Found a stone staircase leading down.
Search for what [Enter for "shop", or ? for help]? helm
Things that are here:
a +0 dagger; a +0 animal skin; a +0 helmet
q - a +0 helmet You start putting on your armour.
You continue putting on your +0 helmet. x4
You finish putting on your +0 helmet.
An orc priest comes into view. It is wielding a +0 club.
You see here a +0 dagger.
A rat comes into view.
Found a stone staircase leading down.
The hobgoblin shouts!
You hear a shout!
A goblin comes into view.
It is wielding a +0 dagger and carrying a wand of acid (7).
The goblin shouts!
You hear a shout!
You hit the rat.
The rat is heavily wounded.
The rat completely misses you.
You hit the rat but do no damage.
The rat is heavily wounded.
The rat bites you.
You hit the rat.
You kill the rat!
You hit the hobgoblin.
The hobgoblin is severely wounded.
You hit the hobgoblin but do no damage.
The hobgoblin is severely wounded.
The goblin zaps a wand.
The bolt of acid hits you!!
Ouch! That really hurt!
* * * LOW HITPOINT WARNING * * *
You are splashed with acid!
Ouch! That really hurt!
You die...

#.#...##.#####
#....#...#
##......###
......#.###
###...##.# ##..
#...#. #.##>....
#...#.##....#
.#.......###
#..g@..## #......#
#.###### #...g..#
#.##...# ........#
#.##...# ...#......#
#.##...# ## #......#
###.##...## #......#
........#.
#.........###.....<..
..............##


You could see a hobgoblin and a goblin.

Vanquished Creatures
  Robin (D:3)
  3 adders
  3 dart slugs (D:2)
  An orc (D:3)
  4 bats
  7 endoplasms
  3 giant cockroaches
  10 goblins
  5 hobgoblins
  6 jackals
  5 kobolds
  6 quokkas
  9 ball pythons
  2 frilled lizards (D:1)
  4 rats
69 creatures vanquished.

Notes
Turn   | Place    | Note
-------+----------+-------------------------------------------
     0 | D:1      | Feb132020 the Deep Elf Earth Elementalist began the quest
                  | for the Orb.
     0 | D:1      | Reached XP level 1. HP: 10/10 MP: 6/6
   607 | D:1      | Reached XP level 2. HP: 10/15 MP: 8/8
   610 | D:1      | Learned a level 2 spell: Passwall
  1947 | D:1      | Found Jott's General Store.
  2059 | D:2      | Reached XP level 3. HP: 19/19 MP: 10/10
  2063 | D:2      | Learned a level 3 spell: Stone Arrow
  2521 | D:1      | Bought a scroll of identify for 24 gold pieces
  2960 | D:2      | Found Zaalur's Weapon Shoppe.
  3254 | D:2      | Reached XP level 4. HP: 24/24 MP: 12/12
  4087 | D:3      | Reached skill level 1 in Conjurations
  4137 | D:3      | Noticed Robin
  4157 | D:3      | Killed Robin
  4193 | D:3      | Reached skill level 1 in Short Blades
  4357 | D:3      | Splashed by a goblin's acid

Illustrated notes

Levels and vault maps discovered:
D:1:      minmay_arrival_hallway, layout_basic, serial_shops,
          nicolae_shop_waterfront, minmay_tetromino_l4
D:2:      layout_basic, serial_shops, nicolae_shop_crystal, grunt_ministairs_4
D:3:      layout_rooms, xom_butterflies, chequers_ecumenical_altar_twisty,
          st_stairs_9, uniq_robin, uniq_sigmund

Skill      XL: |  1  2  3  4 |
---------------+-------------+-----
Spellcasting   | 4 |  4.2
Dodging        | 3 |  3.2
Stealth        | 3 |  3.5
Conjurations   | 1 |  1.2
Short Blades   | 1 |  1.0
Earth Magic    | 4 |  4.0
Fighting       | |  0.5
Transmutations | |  1.2

Action                   |  1- 3 |  4- 6 || total
-------------------------+-------+-------++-------
Melee: Dagger            |    43 |    41 ||    84
       Short sword       |    90 |    35 ||   125
 Cast: Sandblast         |    26 |    12 ||    38
       Passwall          |     6 |     3 ||     9
  Use: Scroll            |     1 |       ||     1
 Stab: Sleeping          |    11 |     6 ||    17
Armor: Robe              |    29 |    26 ||    55
Dodge: Dodged            |    96 |    62 ||   158

Table legend: (Time is in decaauts)
 A = Elapsed time spent in this place.
 B = Non-inter-level travel time spent in this place.
 C = Inter-level travel time spent in this place.
 D = Time resting spent in this place.
 E = Time spent auto-exploring this place.
 F = Levels seen in this place.
 G = Mean time per level.
                   A        B        C        D        E       F      G
               +--------+--------+--------+--------+--------+-----+--------+
         Total |   4365 |   4158 |    207 |    360 |   3133 |   3 | 1455.0 |
       Dungeon |   4365 |   4158 |    207 |    360 |   3133 |   3 | 1455.0 |
               +--------+--------+--------+--------+--------+-----+--------+

Top non-repeatable levels by time:
     D:1: 2093 daAuts
     D:2: 1890 daAuts
     D:3: 382 daAuts
